[Event "ICC tourney 2728 (75 10)"]
[Site "Internet Chess Club"]
[Date "2021.11.06"]
[Round "1"]
[White "SHI, WARREN:warren200"]
[Black "HELLER, JACK G:Maximusiv"]
[Result "1-0"]
[ICCResult "Black resigns"]
[WhiteElo "607"]
[BlackElo "1010"]
[Opening "Scandinavian (center counter) defense"]
[ECO "B01"]
[NIC "VO.17"]
[Time "11:02:40"]
[PlyCount "67"]
[TimeControl "4500+10"]

1. e4 d5 2. Nc3 d4 3. Nd5 Be6 4. Nf4 Nf6 5. e5 Nd5 6. Nxe6 fxe6 7. Nf3 Nc6
8. Bb5 Qd7 9. Nxd4 a6 10. Bxc6 bxc6 11. O-O c5 12. Nf3 g6 13. d4 cxd4 14.
Qxd4 Bg7 15. Rd1 O-O 16. h3 Qb5 17. c4 Qb7 18. cxd5 Rad8 19. Qe4 exd5 20.
Qa4 c5 21. Qc2 Qc6 22. Be3 c4 23. Qd2 e6 24. Bh6 Qc5 25. Bxg7 Kxg7 26. Ng5
Qb6 27. Qc2 h6 28. Nf3 Qc5 29. Nd4 Qb6 30. Qe2 Rf4 31. Qe3 Re4 32. Qd2 Rxe5
33. Qc3 Re4 34. Nxe6+ {Black resigns} 1-0

[Event "ICC tourney 2728 (75 10)"]
[Site "Internet Chess Club"]
[Date "2021.11.06"]
[Round "1"]
[White "GARROW, JOSHUA:jgarrow4924"]
[Black "Harper, Parry E:parryh22"]
[Result "1-0"]
[ICCResult "Black checkmated"]
[WhiteElo "1088"]
[BlackElo "676"]
[Opening "Queen's pawn, Mason variation"]
[ECO "D00"]
[NIC "QP.08"]
[Time "11:07:43"]
[PlyCount "89"]
[TimeControl "4500+10"]

1. d4 d5 2. Bf4 Nc6 3. e3 Bf5 4. Bd3 Qd7 5. c3 O-O-O 6. Qc2 Bxd3 7. Qxd3 f6
8. Nf3 Re8 9. b4 e5 10. b5 exf4 11. bxc6 Qxc6 12. Qf5+ Kb8 13. Qxf4 Nh6 14.
Qh4 Re4 15. Qh3 g5 16. Nfd2 g4 17. Qh5 Re6 18. O-O Qb6 19. Qxd5 Be7 20. Qb3
Qd6 21. d5 Re5 22. Nc4 Qxd5 23. Nxe5 Qxe5 24. Nd2 Bd6 25. g3 Nf5 26. Nc4 Qe6
27. Nxd6 Qxd6 28. Rab1 b6 29. Rfd1 Qe7 30. Rd5 Nd6 31. Rbd1 h5 32. c4 h4 33.
c5 hxg3 34. fxg3 Ne4 35. c6 a5 36. Rxa5 Qh7 37. Qb2 Nxg3 38. Rad5 Kc8 39.
Rd7 Qh6 40. Re7 Nf5 41. Qe2 Nd6 42. Rxd6 cxd6 43. Qa6+ Kd8 44. Rd7+ Ke8 45.
Qc8# {Black checkmated} 1-0

[Event "ICC tourney 2728 (75 10)"]
[Site "Internet Chess Club"]
[Date "2021.11.06"]
[Round "1"]
[White "MADSEN, STUART:gmstuartscott"]
[Black "STONE, GILBERT L:tightfist"]
[Result "0-1"]
[ICCResult "White resigns"]
[WhiteElo "677"]
[BlackElo "1284"]
[Opening "QGD: 3...Nf6"]
[ECO "D35"]
[NIC "QO.16"]
[Time "11:04:15"]
[PlyCount "118"]
[TimeControl "4500+10"]

1. d4 d5 2. c4 e6 3. Nc3 Nf6 4. e3 Bd7 5. Nf3 Bb4 6. Bd2 O-O 7. a3 Bxc3 8.
Bxc3 Ne4 9. Bd3 Nxc3 10. bxc3 dxc4 11. Bxc4 Bc6 12. Bd3 Nd7 13. e4 Nf6 14.
e5 Nd5 15. Rc1 Nf4 16. Bf1 b5 17. g3 Qd5 18. Rg1 Qxf3 19. gxf4 Qxf4 20. h3
Bf3 21. Be2 Bxe2 22. Kxe2 Qe4+ 23. Kf1 c6 24. Qe2 Qxe2+ 25. Kxe2 a5 26. Rg3
Rac8 27. Rcg1 g6 28. h4 h5 29. f4 c5 30. d5 exd5 31. f5 Rfe8 32. e6 Rc6 33.
Kd3 Kf8 34. exf7 Kxf7 35. fxg6+ Kg7 36. Rg5 Rce6 37. R1g3 Re5 38. Rxe5 Rxe5
39. Rg2 Re4 40. Rg5 Rxh4 41. Rxd5 Rh3+ 42. Kc2 Rh2+ 43. Kd3 c4+ 44. Kd4 Rd2+
45. Kc5 Rxd5+ 46. Kxd5 Kxg6 47. Ke4 Kg5 48. Ke3 Kg4 49. Kf2 h4 50. Kg2 h3+
51. Kh2 Kh4 52. Kh1 Kg3 53. Kg1 h2+ 54. Kh1 Kf3 55. Kxh2 Ke3 56. Kg1 Kd3 57.
Kf1 Kxc3 58. Ke1 Kb2 59. a4 bxa4 {White resigns} 0-1

[Event "ICC tourney 2728 (75 10)"]
[Site "Internet Chess Club"]
[Date "2021.11.06"]
[Round "2"]
[White "STONE, GILBERT L:tightfist"]
[Black "SHI, WARREN:warren200"]
[Result "1-0"]
[ICCResult "Black resigns"]
[WhiteElo "1284"]
[BlackElo "607"]
[Opening "Queen's pawn game, Chigorin variation"]
[ECO "D02"]
[NIC "QP.09"]
[Time "14:31:58"]
[PlyCount "44"]
[TimeControl "4500+10"]

1. Nf3 d5 2. d4 Nc6 3. e3 Bf5 4. Bb5 Qd6 5. O-O a6 6. Bd3 Bxd3 7. Qxd3 Nb4
8. Qb3 e6 9. a3 Nc6 10. Qxb7 Rb8 11. Qxa6 Be7 12. Nc3 Nf6 13. Nb5 Qd7 14.
Na7 Ra8 15. Qxc6 Rxa7 16. Qxd7+ Nxd7 17. Bd2 O-O 18. Rfc1 Nf6 19. Ne5 Bd6
20. Nc6 Ra6 21. Nb4 Bxb4 22. Bxb4 Ne4 {Black resigns} 1-0

[Event "ICC tourney 2728 (75 10)"]
[Site "Internet Chess Club"]
[Date "2021.11.06"]
[Round "2"]
[White "LIANG, KEVIN:Kingkevin13"]
[Black "Morgan, Lakshmi M:luckylol3"]
[Result "0-1"]
[ICCResult "White resigns"]
[WhiteElo "885"]
[BlackElo "1305"]
[Opening "Four knights: Italian variation"]
[ECO "C55"]
[NIC "IG.01"]
[Time "14:30:49"]
[PlyCount "100"]
[TimeControl "4500+10"]

1. e4 e5 2. Nf3 Nc6 3. Bc4 Nf6 4. Nc3 Nxe4 5. Nxe4 d5 6. Bd3 dxe4 7. Bxe4
Bd6 8. h3 O-O 9. O-O Ne7 10. c3 f5 11. Bc2 Be6 12. d4 e4 13. Ne5 Bxe5 14.
dxe5 Ng6 15. Qd4 Qe7 16. f4 c5 17. Qe3 Bc4 18. Rd1 Rad8 19. Bd2 Kh8 20. Be1
Qc7 21. b3 Ba6 22. c4 b5 23. Bf2 Rc8 24. Rd5 bxc4 25. Rxc5 Qb7 26. Rxc8 Rxc8
27. Qxa7 Qxa7 28. Bxa7 Nxf4 29. Rd1 h6 30. bxc4 Bxc4 31. Bb3 Bxb3 32. axb3
Rc2 33. g3 Ne2+ 34. Kf1 Nxg3+ 35. Kg1 Ne2+ 36. Kf1 Nf4 37. b4 Rb2 38. Rd8+
Kh7 39. Bc5 Rb1+ 40. Kf2 Nd3+ 41. Ke3 Nxb4 42. Bxb4 Rxb4 43. e6 Rb7 44. Rd7
Rb8 45. e7 Re8 46. Kf4 Kg6 47. Rd5 Rxe7 48. Rxf5 e3 49. Rd5 e2 50. Rd6+ Kf7
{White resigns}
0-1

[Event "ICC tourney 2728 (75 10)"]
[Site "Internet Chess Club"]
[Date "2021.11.06"]
[Round "2"]
[White "HELLER, JACK G:Maximusiv"]
[Black "MADSEN, STUART:gmstuartscott"]
[Result "0-1"]
[ICCResult "White resigns"]
[WhiteElo "1010"]
[BlackElo "677"]
[Opening "Hungarian defense: Tartakower variation"]
[ECO "C50"]
[NIC "IG.03"]
[Time "14:30:34"]
[PlyCount "54"]
[TimeControl "4500+10"]

1. e4 e5 2. Nf3 Nc6 3. Bc4 Be7 4. d4 exd4 5. c3 Nf6 6. e5 Ne4 7. cxd4 d5 8.
exd6 Nxd6 9. Bb3 Nf5 10. d5 Nb8 11. Nc3 Nd6 12. O-O b6 13. Re1 O-O 14. Be3
a6 15. Bc2 Nd7 16. Qd3 Nf6 17. Bg5 Bf5 18. Qe2 Bxc2 19. Qxe7 Qxe7 20. Rxe7
Nde8 21. Rae1 Rd8 22. Bxf6 Nxf6 23. Rxc7 Nxd5 24. Nxd5 Bd3 25. Nxb6 Bb5 26.
h3 h6 27. Rd1 Rxd1+ {White resigns} 0-1

[Event "ICC tourney 2728 (75 10)"]
[Site "Internet Chess Club"]
[Date "2021.11.06"]
[Round "3"]
[White "MADSEN, STUART:gmstuartscott"]
[Black "SHI, WARREN:warren200"]
[Result "1-0"]
[ICCResult "Black checkmated"]
[WhiteElo "677"]
[BlackElo "607"]
[Opening "Queen's gambit accepted"]
[ECO "D20"]
[NIC "QG.03"]
[Time "18:00:16"]
[PlyCount "51"]
[TimeControl "4500+10"]

1. d4 d5 2. c4 dxc4 3. Nc3 Nf6 4. e3 Nc6 5. Bxc4 Bf5 6. Nf3 Nb4 7. Qa4+ Nc6
8. d5 Bd7 9. dxc6 Bxc6 10. Bb5 Bxb5 11. Qxb5+ c6 12. Qxb7 Qc8 13. Qb3 e6 14.
O-O Bd6 15. Qc2 Qc7 16. g3 c5 17. Ne4 Ng4 18. Nxd6+ Qxd6 19. Rd1 Qc6 20. b3
Qxf3 21. Bb2 Rg8 22. Rd2 Ke7 23. Qxc5+ Ke8 24. Qb5+ Ke7 25. Qd7+ Kf8 26.
Ba3# {Black checkmated} 1-0

[Event "ICC tourney 2728 (75 10)"]
[Site "Internet Chess Club"]
[Date "2021.11.06"]
[Round "3"]
[White "Singh, Saharsh:saharshsingh02"]
[Black "HELLER, JACK G:Maximusiv"]
[Result "0-1"]
[ICCResult "White resigns"]
[WhiteElo "908"]
[BlackElo "1010"]
[Opening "Budapest: Adler variation"]
[ECO "A52"]
[NIC "QG.01"]
[Time "18:00:14"]
[PlyCount "58"]
[TimeControl "4500+10"]

1. d4 Nf6 2. c4 e5 3. dxe5 Ng4 4. Nf3 Bc5 5. e3 Nc6 6. h3 Ngxe5 7. Nxe5 Nxe5
8. Nc3 O-O 9. Be2 d6 10. O-O Be6 11. b3 Qd7 12. Ne4 Qc6 13. Nxc5 dxc5 14.
Bb2 Ng6 15. f4 Nh4 16. Rf2 Rad8 17. Qc2 Bf5 18. Qc3 Qg6 19. g4 Be4 20. f5
Nxf5 21. Kh2 Nh4 22. Qa5 Qd6+ 23. Kg1 Qg3+ 24. Kf1 Qxh3+ 25. Ke1 Ng2+ 26.
Rxg2 Qxg2 27. Qc3 Qg3+ 28. Kf1 Bg2+ 29. Kg1 Bh3+ {White resigns} 0-1

[Event "ICC tourney 2728 (75 10)"]
[Site "Internet Chess Club"]
[Date "2021.11.06"]
[Round "3"]
[White "Harper, Parry E:parryh22"]
[Black "LIANG, KEVIN:Kingkevin13"]
[Result "1-0"]
[ICCResult "Black resigns"]
[WhiteElo "676"]
[BlackElo "885"]
[Opening "Giuoco Pianissimo"]
[ECO "C50"]
[NIC "IG.02"]
[Time "18:00:17"]
[PlyCount "59"]
[TimeControl "4500+10"]

1. e4 e5 2. Nf3 Nc6 3. Bc4 Bc5 4. d3 d6 5. Ng5 Nh6 6. Nc3 O-O 7. Nf3 Bg4 8.
h3 Be6 9. Bxh6 gxh6 10. Qd2 Qf6 11. Bxe6 fxe6 12. O-O-O Rad8 13. Qe2 Nd4 14.
Nxd4 Bxd4 15. Rdf1 Bxf2 16. Nd1 Qg5+ 17. Kb1 Bg3 18. Rf3 Rxf3 19. gxf3 Rf8
20. Rg1 Qf4 21. Qg2 Qxf3 22. Qxg3+ Qxg3 23. Rxg3+ Kh8 24. Ne3 d5 25. c3 c5
26. Ng4 Rg8 27. Rf3 Rxg4 28. hxg4 Kg7 29. Rh3 Kg6 30. Rh5 {Black resigns}
1-0

[Event "ICC tourney 2728 (75 10)"]
[Site "Internet Chess Club"]
[Date "2021.11.06"]
[Round "3"]
[White "GARROW, JOSHUA:jgarrow4924"]
[Black "STONE, GILBERT L:tightfist"]
[Result "0-1"]
[ICCResult "White resigns"]
[WhiteElo "1088"]
[BlackElo "1284"]
[Opening "Queen's pawn, Mason variation"]
[ECO "D00"]
[NIC "QP.08"]
[Time "18:01:44"]
[PlyCount "130"]
[TimeControl "4500+10"]

1. d4 d5 2. Bf4 e6 3. e3 Bd6 4. Bg3 Nf6 5. Nd2 O-O 6. Bd3 c5 7. c3 Nc6 8.
Ngf3 c4 9. Bc2 b5 10. Ne5 Bb7 11. f4 Qc7 12. Bh4 Be7 13. g4 Nxe5 14. dxe5
Ne4 15. Bxe7 Qxe7 16. Nxe4 dxe4 17. h4 Rfd8 18. Qe2 Rd7 19. Kf2 Rad8 20.
Rad1 Rxd1 21. Rxd1 Qxh4+ 22. Kg2 Rxd1 23. Bxd1 Qd8 24. a4 a6 25. Bc2 g6 26.
Qd1 Qxd1 27. Bxd1 h6 28. Kg3 Bc6 29. axb5 axb5 30. Kh4 Kg7 31. Be2 f6 32. g5
hxg5+ 33. fxg5 f5 34. Kg3 Kf7 35. Kf4 Bd5 36. Bd1 Ke7 37. Be2 Kd7 38. Bd1
Kc6 39. Bh5 Kd7 40. Bxg6 Ke7 41. Bh7 Kf7 42. g6+ Kg7 43. Kg3 Bc6 44. Kf2 Be8
45. Kg2 Bxg6 46. Bxg6 Kxg6 47. Kh2 Kh6 48. Kg2 Kg6 49. Kh2 f4 50. exf4 Kf5
51. Kg3 e3 52. Kf3 e2 53. Kxe2 Kxf4 54. Kd2 Kxe5 55. Ke3 Kf5 56. Kf3 e5 57.
Ke3 e4 58. Ke2 Kf4 59. Kf2 e3+ 60. Ke2 Ke4 61. Ke1 Kd3 62. Kd1 e2+ 63. Ke1
Ke3 64. b3 cxb3 65. c4 b2 {White resigns} 0-1

[Event "ICC tourney 2728 (75 10)"]
[Site "Internet Chess Club"]
[Date "2021.11.07"]
[Round "4"]
[White "SHI, WARREN:warren200"]
[Black "JULIAN KOGAN, DANIEL:K09-30024204"]
[Result "1-0"]
[ICCResult "Black checkmated"]
[WhiteElo "607"]
[BlackElo "832"]
[Opening "Sicilian defense"]
[ECO "B20"]
[NIC "SI.48"]
[Time "11:00:17"]
[PlyCount "109"]
[TimeControl "4500+10"]

1. e4 c5 2. Bc4 Nc6 3. Nf3 g6 4. O-O Bg7 5. Nc3 Nf6 6. d4 cxd4 7. Nxd4 O-O
8. Nxc6 bxc6 9. Be3 e6 10. e5 Nd5 11. Nxd5 cxd5 12. Bd3 Bxe5 13. Bh6 Bg7 14.
Bxg7 Kxg7 15. Qe2 Rb8 16. Qe5+ Qf6 17. Qxb8 Ba6 18. Qb3 Bxd3 19. cxd3 h5 20.
Qc3 Qxc3 21. bxc3 Rc8 22. Rac1 Kf6 23. Rfe1 g5 24. Re3 d4 25. Rf3+ Kg6 26.
c4 d5 27. h3 g4 28. hxg4 hxg4 29. Rg3 f5 30. f3 Kg5 31. fxg4 fxg4 32. Kf2
dxc4 33. dxc4 e5 34. c5 e4 35. c6 Kf4 36. Ra3 e3+ 37. Ke2 Kg3 38. c7 Kxg2
39. Rb3 g3 40. Rb8 Rxb8 41. cxb8=Q Kh2 42. Qh8+ Kg2 43. Qxd4 Kh3 44. Qxe3
Kh2 45. Qg1+ Kh3 46. Rc3 Kg4 47. Qxg3+ Kf5 48. Rc5+ Ke6 49. Qe5+ Kf7 50.
Rc7+ Kg6 51. Rc6+ Kf7 52. Qc7+ Ke8 53. Qxa7 Kd8 54. Rb6 Kc8 55. Rb8#
{Black checkmated}
1-0

[Event "ICC tourney 2728 (75 10)"]
[Site "Internet Chess Club"]
[Date "2021.11.07"]
[Round "4"]
[White "Morgan, Lakshmi M:luckylol3"]
[Black "Harper, Parry E:parryh22"]
[Result "1-0"]
[ICCResult "Black checkmated"]
[WhiteElo "1305"]
[BlackElo "676"]
[Opening "Evans gambit"]
[ECO "C52"]
[NIC "IG.05"]
[Time "11:00:10"]
[PlyCount "51"]
[TimeControl "4500+10"]

1. e4 e5 2. Nf3 Nc6 3. Bc4 Bc5 4. b4 Bxb4 5. c3 Ba5 6. Qb3 Qe7 7. O-O h6 8.
Ba3 d6 9. d4 Be6 10. d5 Bg4 11. dxc6 Bxf3 12. gxf3 Qg5+ 13. Kh1 Qf4 14. Be2
bxc6 15. Qa4 Nf6 16. Qxa5 Ng4 17. fxg4 Qxe4+ 18. Kg1 Qxe2 19. Qa4 e4 20.
Qxc6+ Kd8 21. h3 Qf3 22. Bxd6 Rc8 23. Bc5 h5 24. Qd5+ Ke8 25. Qe5+ Kd8 26.
Qe7# {Black checkmated} 1-0

[Event "ICC tourney 2728 (75 10)"]
[Site "Internet Chess Club"]
[Date "2021.11.07"]
[Round "4"]
[White "LIANG, KEVIN:Kingkevin13"]
[Black "GARROW, JOSHUA:jgarrow4924"]
[Result "0-1"]
[ICCResult "White resigns"]
[WhiteElo "885"]
[BlackElo "1088"]
[Opening "Pirc defense"]
[ECO "B07"]
[NIC "PU.07"]
[Time "11:00:27"]
[PlyCount "104"]
[TimeControl "4500+10"]

1. e4 d6 2. d4 Nf6 3. Nc3 g6 4. Bf4 Bg7 5. Nf3 Bg4 6. Be2 O-O 7. O-O Nfd7 8.
h3 Bxf3 9. Bxf3 Nc6 10. Be3 e5 11. d5 Ne7 12. Ne2 f5 13. Bg5 h6 14. Bxe7
Qxe7 15. c4 Nc5 16. Nc3 a5 17. a3 a4 18. Qc2 Nb3 19. Rad1 Nd4 20. Qd3 f4 21.
Ne2 Nxf3+ 22. Qxf3 h5 23. Rd3 h4 24. Qg4 Kh7 25. Kh1 Rf6 26. Ng1 Rf7 27. Nf3
Bh6 28. Nxh4 g5 29. Nf5 Qd7 30. Nxh6 Kxh6 31. Qxd7 Rxd7 32. g3 Rg8 33. Rg1
Rh7 34. gxf4 exf4 35. Rg4 Kg6 36. Kg2 Kf6 37. f3 Rgh8 38. h4 Rxh4 39. Rxh4
Rxh4 40. Rc3 b6 41. b3 axb3 42. Rxb3 Ke5 43. Rd3 g4 44. fxg4 Rxg4+ 45. Kf3
Rg3+ 46. Ke2 Rxd3 47. Kxd3 f3 48. Ke3 f2 49. Kxf2 Kxe4 50. Ke2 Kd4 51. Kf3
Kxc4 52. Ke4 b5 {White resigns} 0-1

[Event "ICC tourney 2728 (75 10)"]
[Site "Internet Chess Club"]
[Date "2021.11.07"]
[Round "5"]
[White "SHI, WARREN:warren200"]
[Black "Singh, Saharsh:saharshsingh02"]
[Result "0-1"]
[ICCResult "White resigns"]
[WhiteElo "607"]
[BlackElo "908"]
[Opening "King's pawn game"]
[ECO "C50"]
[NIC "IG.03"]
[Time "14:30:19"]
[PlyCount "42"]
[TimeControl "4500+10"]

1. e4 e5 2. Nf3 Nc6 3. Bc4 h6 4. O-O Nf6 5. d3 Bc5 6. Nc3 d6 7. Nd5 Bg4 8.
h3 Bh5 9. Be3 Bb6 10. Bxb6 axb6 11. Nxf6+ Qxf6 12. c3 O-O-O 13. Bd5 Ne7 14.
Qa4 Bxf3 15. gxf3 Qxf3 16. Qa8+ Kd7 17. Qa4+ c6 18. Bb3 Qxh3 19. Bxf7 Rhf8
20. Bb3 Rf4 21. Bd1 Rh4 {White resigns} 0-1

[Event "ICC tourney 2728 (75 10)"]
[Site "Internet Chess Club"]
[Date "2021.11.07"]
[Round "5"]
[White "GARROW, JOSHUA:jgarrow4924"]
[Black "Morgan, Lakshmi M:luckylol3"]
[Result "0-1"]
[ICCResult "White resigns"]
[WhiteElo "1088"]
[BlackElo "1305"]
[Opening "Queen's pawn, Mason variation"]
[ECO "D00"]
[NIC "QP.08"]
[Time "14:30:19"]
[PlyCount "56"]
[TimeControl "4500+10"]

1. d4 d5 2. Bf4 e6 3. e3 c5 4. c3 Nc6 5. Nd2 c4 6. e4 Nf6 7. e5 Nd7 8. Ngf3
Be7 9. h4 O-O 10. Qc2 f6 11. exf6 Bxf6 12. Ng5 g6 13. Nxe6 Qe7 14. O-O-O
Qxe6 15. h5 Qf5 16. Qxf5 gxf5 17. Bh6 Bg7 18. Bf4 b5 19. h6 Bf6 20. Bd6 Re8
21. Rh3 Kh8 22. Nf3 a5 23. g3 b4 24. Rh5 Nb6 25. Nh4 Bxh4 26. gxh4 bxc3 27.
bxc3 Bd7 28. Rg5 Rg8 {White resigns} 0-1

[Event "ICC tourney 2728 (75 10)"]
[Site "Internet Chess Club"]
[Date "2021.11.07"]
[Round "5"]
[White "Harper, Parry E:parryh22"]
[Black "MADSEN, STUART:gmstuartscott"]
[Result "1-0"]
[ICCResult "Black resigns"]
[WhiteElo "676"]
[BlackElo "677"]
[Opening "Hungarian defense"]
[ECO "C50"]
[NIC "IG.03"]
[Time "14:30:22"]
[PlyCount "57"]
[TimeControl "4500+10"]

1. e4 e5 2. Nf3 Nc6 3. Bc4 Be7 4. Nc3 d6 5. d4 exd4 6. Nxd4 Nxd4 7. Qxd4 Nf6
8. O-O c5 9. Qd3 O-O 10. Qg3 Nxe4 11. Nxe4 d5 12. Bh6 Bf6 13. Bxd5 Qe7 14.
Rae1 Kh8 15. Nxf6 Qxf6 16. Bf4 a5 17. Be5 Qh6 18. Re2 Ra6 19. Rfe1 Rg6 20.
Bf4 Qh5 21. Bxf7 Be6 22. Bxg6 hxg6 23. Rxe6 Kg8 24. Qb3 Kh7 25. Qh3 Kg8 26.
Qxh5 gxh5 27. Re8 Rxe8 28. Rxe8+ Kf7 29. Rb8 {Black resigns} 1-0

[Event "ICC tourney 2728 (75 10)"]
[Site "Internet Chess Club"]
[Date "2021.11.07"]
[Round "5"]
[White "JULIAN KOGAN, DANIEL:K09-30024204"]
[Black "HELLER, JACK G:Maximusiv"]
[Result "0-1"]
[ICCResult "White checkmated"]
[WhiteElo "832"]
[BlackElo "1010"]
[Opening "Scandinavian (center counter) defense"]
[ECO "B01"]
[NIC "VO.17"]
[Time "14:30:41"]
[PlyCount "76"]
[TimeControl "4500+10"]

1. e4 d5 2. Nc3 d4 3. Nce2 e5 4. Nf3 Nc6 5. g3 Bg4 6. Bg2 Qd7 7. O-O O-O-O
8. c3 d3 9. b4 dxe2 10. Qxe2 Bd6 11. a4 Nf6 12. a5 h5 13. b5 Ne7 14. h4 Nh7
15. d4 g5 16. Qd3 Bxf3 17. Bxf3 gxh4 18. b6 a6 19. Bg2 hxg3 20. Qxg3 exd4
21. e5 Rdg8 22. Qf4 Rg4 23. Qf3 Bxe5 24. Qxb7+ Kd8 25. Qa8+ Nc8 26. f4 Bd6
27. b7 Rhg8 28. Rf2 dxc3 29. Be3 h4 30. Rd1 h3 31. Rxd6 Rxg2+ 32. Rxg2 Rxg2+
33. Kh1 Qxd6 34. bxc8=Q+ Ke7 35. Qe8+ Kf6 36. Qh8+ Rg7 37. Qag8 Qd5+ 38. Kh2
Qg2# {White checkmated} 0-1

[Event "ICC tourney 2728 (75 10)"]
[Site "Internet Chess Club"]
[Date "2021.11.07"]
[Round "6"]
[White "JULIAN KOGAN, DANIEL:K09-30024204"]
[Black "GARROW, JOSHUA:jgarrow4924"]
[Result "0-1"]
[ICCResult "White checkmated"]
[WhiteElo "832"]
[BlackElo "1088"]
[Opening "Pirc: Austrian attack, 6.Bd3"]
[ECO "B09"]
[NIC "PU.02"]
[Time "18:01:30"]
[PlyCount "52"]
[TimeControl "4500+10"]

1. e4 d6 2. d4 Nf6 3. Nc3 g6 4. f4 Bg7 5. Nf3 O-O 6. Bd3 c5 7. dxc5 dxc5 8.
e5 Nd5 9. Nxd5 Qxd5 10. O-O c4 11. Be2 Qc5+ 12. Qd4 Qxd4+ 13. Nxd4 c3 14.
bxc3 Nc6 15. Nxc6 bxc6 16. Bf3 Bb7 17. Ba3 Rfe8 18. Rab1 Rab8 19. Bc5 Ba6
20. Rxb8 Rxb8 21. Rf2 Bb5 22. Bxe7 Ba6 23. Bb4 c5 24. Bxc5 Rb1+ 25. Bd1
Rxd1+ 26. Rf1 Rxf1# {White checkmated} 0-1

[Event "ICC tourney 2728 (75 10)"]
[Site "Internet Chess Club"]
[Date "2021.11.07"]
[Round "6"]
[White "MADSEN, STUART:gmstuartscott"]
[Black "Singh, Saharsh:saharshsingh02"]
[Result "0-1"]
[ICCResult "White resigns"]
[WhiteElo "677"]
[BlackElo "908"]
[Opening "QGD: Albin counter-gambit"]
[ECO "D08"]
[NIC "QG.02"]
[Time "18:00:15"]
[PlyCount "76"]
[TimeControl "4500+10"]

1. d4 d5 2. c4 e5 3. e3 exd4 4. exd4 Nf6 5. Nf3 Nc6 6. Bd3 Bb4+ 7. Bd2 a5 8.
a3 Bxd2+ 9. Qxd2 Ne4 10. Qe3 O-O 11. Bxe4 dxe4 12. O-O exf3 13. Qxf3 Nxd4
14. Qc3 Bf5 15. Kh1 Nc2 16. Nd2 Nxa1 17. Rxa1 Ra6 18. Re1 Re6 19. Rc1 Rfe8
20. h3 Re1+ 21. Kh2 Qd6+ 22. g3 R1e2 23. Qf3 Qd3 24. Qxd3 Bxd3 25. Rc3 Rxd2
26. g4 Ree2 27. Kg3 Rxf2 28. Kh4 Bf1 29. Rb3 Bxc4 30. Rxb7 g6 31. Rxc7 Bf1
32. Rc5 Rxb2 33. Rxa5 Rh2 34. Ra8+ Kg7 35. Re8 Rxh3+ 36. Kg5 h6+ 37. Kf4
Rf2+ 38. Ke4 Re2+ {White resigns} 0-1

[Event "ICC tourney 2728 (75 10)"]
[Site "Internet Chess Club"]
[Date "2021.11.07"]
[Round "6"]
[White "HELLER, JACK G:Maximusiv"]
[Black "LIANG, KEVIN:Kingkevin13"]
[Result "1-0"]
[ICCResult "Black resigns"]
[WhiteElo "1010"]
[BlackElo "885"]
[Opening "Evans gambit"]
[ECO "C51"]
[NIC "IG.05"]
[Time "18:00:22"]
[PlyCount "114"]
[TimeControl "4500+10"]

1. e4 e5 2. Nf3 Nc6 3. Bc4 Bc5 4. b4 Bxb4 5. c3 Bc5 6. d4 exd4 7. O-O Nf6 8.
e5 Ng8 9. cxd4 Bb6 10. Re1 Nge7 11. d5 Nb8 12. d6 Nec6 13. Bd3 O-O 14. Ng5
h6 15. Qh5 Qe8 16. Nh7 f6 17. Bg6 Rf7 18. Bxf7+ Qxf7 19. Qxf7+ Kxf7 20. exf6
cxd6 21. Bb2 g5 22. Nc3 Ne5 23. Nd5 Nbc6 24. g3 Nf3+ 25. Kg2 Nxe1+ 26. Rxe1
Bd8 27. f4 gxf4 28. Nxf4 b6 29. g4 Bb7 30. Kg3 Ne5 31. Bxe5 dxe5 32. Rxe5
Bxf6 33. Rf5 Rc8 34. Nxf6 Rc3+ 35. Kh4 Kg7 36. N6h5+ Kg8 37. Rf6 Rc6 38. Rf5
Rd6 39. Nf6+ Kh8 40. Ng6+ Kg7 41. Ne8+ Kxg6 42. Nxd6 Ba8 43. g5 hxg5+ 44.
Rxg5+ Kf6 45. Kg4 Bf3+ 46. Kf4 Bc6 47. h4 Ke6 48. Ne4 Bd5 49. a3 a5 50. h5
Bxe4 51. Kxe4 Kf6 52. Rg1 b5 53. h6 b4 54. axb4 axb4 55. h7 d5+ 56. Kxd5 b3
57. h8=Q+ Kf7 {Black resigns} 1-0

[Event "ICC tourney 2728 (75 10)"]
[Site "Internet Chess Club"]
[Date "2021.11.07"]
[Round "6"]
[White "Morgan, Lakshmi M:luckylol3"]
[Black "STONE, GILBERT L:tightfist"]
[Result "1/2-1/2"]
[ICCResult "Game drawn by mutual agreement"]
[WhiteElo "1305"]
[BlackElo "1284"]
[Opening "Scandinavian (center counter) defense"]
[ECO "B01"]
[NIC "SD.01"]
[Time "18:00:14"]
[PlyCount "164"]
[TimeControl "4500+10"]

1. e4 d5 2. exd5 Qxd5 3. Nc3 Qa5 4. d4 c6 5. Nf3 Nf6 6. Ne5 e6 7. Nc4 Qc7 8.
Bd3 Nbd7 9. O-O Be7 10. Qf3 O-O 11. Bf4 Qd8 12. Ne4 Nxe4 13. Qxe4 Nf6 14.
Qe3 Nd5 15. Qf3 Nxf4 16. Qxf4 Bg5 17. Qe4 f5 18. Qf3 Qxd4 19. c3 Qf4 20. Qe2
b6 21. Rad1 Re8 22. Qe5 Qxe5 23. Nxe5 Bb7 24. Bc4 Bf4 25. Nf3 Kf7 26. g3 Bh6
27. Rd7+ Re7 28. Rfd1 Kf6 29. Rxe7 Kxe7 30. Re1 Bc8 31. Nd4 Kf6 32. Bxe6 f4
33. Bxc8 Rxc8 34. Re6+ Kf7 35. Rxc6 Rxc6 36. Nxc6 fxg3 37. hxg3 a6 38. Kf1
Bc1 39. b3 b5 40. c4 bxc4 41. bxc4 Ba3 42. Ke2 h5 43. f4 Kf6 44. Kf3 g6 45.
Nb8 a5 46. Nc6 a4 47. Nd4 Bc5 48. Ke4 Bd6 49. Nb5 Bc5 50. Kf3 Kf5 51. Nc3 a3
52. Ne4 Be7 53. c5 Ke6 54. c6 Bd8 55. Nc3 Kd6 56. Nb5+ Kxc6 57. Nxa3 Kc5 58.
Nc2 Kc4 59. Ne3+ Kc5 60. f5 g5 61. Ke4 h4 62. gxh4 gxh4 63. Ng4 h3 64. Kf3
Kb4 65. Kg3 Ka3 66. Kxh3 Kxa2 67. Kg3 Kb3 68. Kf4 Kc4 69. Ke5 Kc5 70. Nh6
Kc6 71. Nf7 Bh4 72. Ke6 Kc7 73. Ne5 Kd8 74. Ng6 Bg5 75. Ne5 Ke8 76. Nf3 Be7
77. Nd4 Bh4 78. Nc6 Bg5 79. Ne5 Bh4 80. Nc4 Be7 81. Nd6+ Kf8 82. Kd7 Bh4
{Game drawn by mutual agreement}
1/2-1/2